 Dungeon Crawl Stone Soup version 0.23.2 (webtiles) character file.

Game seed: 13366663571958909577

63 redwoodhats the Poker (level 4, -12/42 HPs)
             Began as a Naga Chaos Knight on Apr 7, 2019.
             Was a Plaything of Xom.
             Killed from afar by an ice dragon (glowing shapeshifter) (24 damage)
             ... with a blast of cold
             ... on level 2 of the Dungeon.
             The game lasted 00:03:40 (1099 turns).

redwoodhats the Poker (Naga Chaos Knight)           Turns: 1099, Time: 00:03:42

Health: -12/42     AC:  8    Str: 15    XL:     4   Next: 9%
Magic:  4/4        EV:  9    Int: 12    God:    Xom [..*...]
Gold:   100        SH:  0    Dex: 11    Spells: 3/3 levels left

rFire    . . .     SeeInvis +   a - +0 spear (chaos)
rCold    . . .     Gourm    .   (no shield)
rNeg     . . .     Faith    .   b - +2 leather armour
rPois    +         Spirit   .   d - +2 helmet
rElec    .         Reflect  .   (no cloak)
rCorr    .         Harm     .   (no gloves)
MR       .....                  (no barding)
Stlth    +.........             (no amulet)
HPRegen  0.14/turn              (no ring)
MPRegen  0.09/turn              (no ring)

@: very slow
A: large, see invisible, deformed body, poison resistance, slowness 2, slow
metabolism 1, spit poison 1, AC +1
a: Spit Poison, Renounce Religion


You were on level 2 of the Dungeon.
You worshipped Xom.
You were a toy of Xom.
You were not hungry.

You visited 1 branch of the dungeon, and saw 2 of its levels.

You collected 100 gold pieces.

Inventory:

Hand Weapons
 a - a +0 spear of chaos (weapon)
Missiles
 e - 7 exploding tomahawks (quivered)
Armour
 b - a +2 leather armour (worn)
 d - a +2 helmet (worn)
Scrolls
 g - 2 scrolls of remove curse {unknown}
 h - a scroll of identify
 i - a scroll of teleportation {unknown}
Potions
 f - a potion of might
 j - a potion of agility {unknown}
Comestibles
 c - 3 rations


   Skills:
 + Level 3.5 Fighting
 + Level 3.6 Polearms
 + Level 2.0 Armour
 + Level 1.3 Dodging
 + Level 0.8 Stealth


You had 3 spell levels left.
You didn't know any spells.
Your spell library was empty.

Dungeon Overview and Level Annotations

Branches:
Dungeon (2/15)

Altars:


Innate Abilities, Weirdness & Mutations

You cannot wear boots.
Your serpentine skin is tough. (AC +1)
You have supernaturally acute eyesight. (SInv)
Armour fits poorly on your strangely shaped body.
Your system is resistant to poisons. (rPois)
You cover ground very slowly.
You have a slow metabolism.
You can spit poison.


Message History

* * * LOW HITPOINT WARNING * * *
A shower of butterflies erupts from you!
You barely miss the swamp worm.
The swamp worm is lightly wounded.
The swamp worm changes into an anaconda!
You barely miss the anaconda.
The anaconda changes into an ettin!
Press: ? - help, v - describe, . - travel The floor.
You swap places.
The ettin changes into a ghost moth!
The ghost moth changes into an ice dragon!
Your iron imp hits the ice dragon but does no damage.
There is an open door here.
You are now a toy of Xom.
The ice dragon breathes frost at you. The blast of cold hits your iron imp!
Your iron imp resists.
The blast of cold hits you!!
Ouch! That really hurt!
You die...
Xom cackles wildly!

#.######## #.#......#
########.#......# +
.........#......###.#
.........'.........$.
#.####.#.#..b.......
...#.#......#.
.....#.....!..#
............@..#
......##.###'###
.?.... #.. #.# . ##.
#5# #D# #b# ... #.#
#.#


You could see an ice dragon shaped shifter and a friendly iron imp.

Vanquished Creatures
  A gnoll (D:2)
  2 adders (D:2)
  A worm (D:2)
  5 leopard geckos
  A ball python (D:1)
  3 bats
  A giant cockroach (D:1)
  2 hobgoblins (D:1)
  A kobold (D:1)
  5 frilled lizards (D:1)
  6 goblins
  6 rats
34 creatures vanquished.

Notes
Turn   | Place    | Note
-------+----------+-------------------------------------------
     0 | D:1      | redwoodhats the Naga Chaos Knight began the quest for the
                  | Orb.
     0 | D:1      | Reached XP level 1. HP: 21/21 MP: 1/1
   139 | D:1      | Reached XP level 2. HP: 7/28 MP: 2/2
   146 | D:1      | XOM: potion effect (curing)
   147 | D:1      | XOM: silly message
   148 | D:1      | XOM: divination: detect creatures
   360 | D:1      | Reached skill level 1 in Dodging
   518 | D:1      | XOM: noise
   533 | D:1      | Reached XP level 3. HP: 34/34 MP: 3/3
   941 | D:2      | XOM: swap monsters
   968 | D:2      | XOM: polymorph kobold -> gnoll
   969 | D:2      | XOM: summons friendly quasit
  1037 | D:2      | Reached XP level 4. HP: 37/42 MP: 4/4
  1090 | D:2      | XOM: polymorph quasit -> iron imp
  1092 | D:2      | Noticed a glowing shapeshifter
  1092 | D:2      | a worm changed into a glowing shapeshifter
  1092 | D:2      | Noticed a swamp worm
  1092 | D:2      | a glowing shapeshifter changed into a swamp worm
  1094 | D:2      | XOM: butterfly on damage
  1095 | D:2      | Noticed an anaconda
  1095 | D:2      | a swamp worm changed into an anaconda
  1096 | D:2      | Noticed an ettin
  1096 | D:2      | an anaconda changed into an ettin
  1097 | D:2      | Noticed a ghost moth
  1097 | D:2      | an ettin changed into a ghost moth
  1098 | D:2      | Noticed an ice dragon
  1098 | D:2      | a ghost moth changed into an ice dragon
  1099 | D:2      | Killed from afar by an ice dragon (glowing shapeshifter)

Skill      XL: |  1  2  3 |
---------------+----------+-----
Dodging        | 1 |  1.3
Armour         | 2 |  2.0
Fighting       | |  3.5
Polearms       | |  3.6
Stealth        | |  0.8

Action                   |  1- 3 |  4- 6 || total
-------------------------+-------+-------++-------
Melee: Spear             |   109 |     9 ||   118
  Use: Potion            |     4 |       ||     4
       Scroll            |     1 |       ||     1
 Stab: Confused          |     1 |       ||     1
Armor: Leather armour    |    68 |     3 ||    71
Dodge: Dodged            |    64 |       ||    64
